 Dungeon Crawl Stone Soup version 0.30.1-9-gdf580d7c3d (webtiles) character file.

Game seed: 18381303706440668968

317 H0rd4k the Cudgeller (level 6, -1/46 HPs)
             Began as a Human Artificer on Oct 18, 2023.
             Frozen to death by an endoplasm (2 damage)
             ... on level 4 of the Dungeon.
             The game lasted 00:02:33 (2880 turns).

H0rd4k the Cudgeller (Human Artificer)              Turns: 2880, Time: 00:02:35

Health: -1/46      AC:  3    Str: 12    XL:     6   Next: 74%
Magic:  6/6        EV: 12    Int: 14    God:
Gold:   115        SH:  0    Dex: 13    Spells: 5/5 levels left

rFire   . . .        h - +0 whip (vamp)
rCold   . . .        (no shield)
rNeg    + . .        b - +0 leather armour
rPois   .            (no helmet)
rElec   .            (no cloak)
rCorr   .            (no gloves)
SInv    .            (no boots)
Will    .....        (no amulet)
Stlth   +            y - ring of positive energy
HPRegen 0.27/turn    (no ring)
MPRegen 0.10/turn

%: no passive effects
@: no status effects
A: no striking features
a: no special abilities


You were on level 4 of the Dungeon.
You visited 1 branch of the dungeon, and saw 4 of its levels.

You collected 115 gold pieces.

Inventory:

Hand Weapons
 h - a +0 vampiric whip (weapon)
 w - a +0 short sword of draining
Armour
 b - a +0 leather armour (worn)
Jewellery
 y - a ring of positive energy (left hand)
Wands
 c - a wand of flame (15) (quivered)
 d - a wand of charming (14)
 e - a wand of iceblast (2)
Scrolls
 a - 3 scrolls of poison {unknown}
 k - 2 scrolls of enchant weapon {unknown}
 l - 2 scrolls of fog {unknown}
 m - 4 scrolls of identify {unknown}
 q - a scroll of fear {unknown}
 t - a scroll of acquirement {unknown}
 u - a scroll of immolation {unknown}
 v - a scroll of butterflies {unknown}
 z - a scroll of magic mapping {unknown}
Potions
 f - a potion of heal wounds {unknown}
 g - a potion of invisibility {unknown}
 i - a potion of mutation {unknown}
 j - 3 potions of curing {unknown}
 n - 2 potions of lignification {unknown}
 o - a potion of flight {unknown}
 p - a potion of brilliance {unknown}
 r - a potion of berserk rage {unknown}
 s - a potion of might {unknown}
 x - a potion of attraction {unknown}


   Skills:
 + Level 2.6 Fighting
 + Level 4.3 Maces & Flails
 - Level 2.0 Armour
 + Level 2.7 Dodging
 - Level 1.0 Stealth
 + Level 3.6 Evocations


You had 5 spell levels left.
You didn't know any spells.
Your spell library contained the following spells:

 Spells                   Type           Power      Damage    Failure   Level
 Apportation              Tloc           0%         N/A       36%         1
 Freeze                   Ice            0%         1d3       36%         1
 Frozen Ramparts          Ice            0%         1d1       73%         3
 Hailstorm                Conj/Ice       0%         3d3       73%         3
 Alistair's Intoxication  Tmut/Pois      0%         N/A       100%        5


Dungeon Overview and Level Annotations

Branches:
Dungeon (4/15)
 Temple: D:4-7

Altars:


Message History

Done exploring.
There is a stone staircase leading down here.
You climb downwards.
The orc hits you with a +0 short sword. The orc closely misses you.
The endoplasm freezes you.
You are frozen.
The endoplasm hits you but does no damage.
The orc misses you. The orc hits you with a +0 trident.
There is a stone staircase leading up, spattered with blood here.
The orc attacks as you move away! The orc hits you but does no damage.
The orc hits you with a +0 trident.
The orc hits you from afar with a +0 trident.
You hit the orc.
You feel better.
The orc is heavily wounded.
The orc hits you with a +0 short sword.
You hit the orc.
You feel better.
You kill the orc!
The orc hits you with a +0 trident!
The endoplasm hits you but does no damage.
You see here a +0 short sword.
The orc hits you from afar with a +0 trident.
The endoplasm misses you.
You barely miss the endoplasm. The orc completely misses you.
The endoplasm barely misses you.
You barely miss the endoplasm. The orc hits you but does no damage.
The endoplasm freezes you.
You are frozen.
You hit the endoplasm but do no damage.
The orc hits you from afar with a +0 trident!
* * * LOW HITPOINT WARNING * * *
The endoplasm freezes you.
You are frozen.
* * * LOW HITPOINT WARNING * * *
You barely miss the endoplasm.
An iguana comes into view.
The orc hits you from afar with a +0 trident.
* * * LOW HITPOINT WARNING * * *
The endoplasm freezes you.
You are frozen.
You die...

#. ...#
#.##..#
##.#...
#.....##
#......#
.###.##<#.#
.......o#.#
####...J).#
####@###
#.# l.#
####


You could see an iguana (wandering), an orc and an endoplasm.

Vanquished Creatures
  Sigmund (D:2)
  An orc wizard (D:3)
  5 adders
  3 worms
  3 dart slugs
  4 orcs
  6 bats
  4 endoplasms
  2 giant cockroaches
  8 goblins
  5 hobgoblins
  7 jackals
  7 ball pythons
  A frilled lizard (D:2)
  9 kobolds
  3 rats
69 creatures vanquished.

Vanquished Creatures (others)
  An endoplasm (D:1)
1 creature vanquished.

Grand Total: 70 creatures vanquished

Notes
Turn   | Place    | Note
-------+----------+-------------------------------------------
     0 | D:1      | H0rd4k the Human Artificer began the quest for the Orb.
     0 | D:1      | Reached XP level 1. HP: 15/15 MP: 1/1
    91 | D:1      | Reached XP level 2. HP: 5/21 MP: 2/2
   347 | D:1      | Reached XP level 3. HP: 26/26 MP: 3/3
   569 | D:1      | Reached skill level 1 in Maces & Flails
   960 | D:2      | Reached XP level 4. HP: 32/32 MP: 4/4
   984 | D:2      | Reached skill level 2 in Maces & Flails
  1092 | D:2      | Noticed Sigmund
  1100 | D:2      | Killed Sigmund
  1101 | D:2      | Reached skill level 3 in Maces & Flails
  1101 | D:2      | Reached XP level 5. HP: 20/39 MP: 5/5
  1101 | D:2      | Reached XP level 6. HP: 23/45 MP: 6/6
  2184 | D:2      | Reached skill level 4 in Maces & Flails
  2880 | D:4      | HP: 1/46 [orc/+0 trident (3)]
  2880 | D:4      | Frozen to death by an endoplasm

Illustrated notes

Levels and vault maps discovered:
D:1:      kennysheep_arrival_forest, layout_basic
D:2:      layout_loops_ring, serial_co_window_serial, co_window_corner_a,
          co_window_of_opportunity_a, co_window_paths_a, co_window_corner_a,
          co_window_corner_a, co_window_paths_b, co_window_paths_b,
          co_window_corner_b, co_window_unsneaky_path_d, co_window_paths_c,
          co_window_of_opportunity_b, glass_columns_c, uniq_sigmund
D:3:      layout_basic
D:4:      layout_basic, nicolae_hexahallways, uniq_pikel, uniq_ijyb, uniq_robin

Skill      XL: |  1  2  3  4  5  6 |
---------------+-------------------+-----
Maces & Flails | 1 3 4 |  4.3
Fighting       | 2 |  2.6
Dodging        | 2 |  2.7
Armour         | |  2.0
Stealth        | |  1.0
Evocations     | |  3.6

Action                     |  1- 3 |  4- 6 || total
---------------------------+-------+-------++-------
  Melee: Club              |    32 |       ||    32
         Whip              |   125 |   228 ||   353
         Punch             |     2 |     6 ||     8
  Evoke: Wand              |     1 |     3 ||     4
   Stab: Sleeping          |       |     1 ||     1
 Armour: Leather armour    |    72 |    40 ||   112
  Dodge: Dodged            |   136 |   101 ||   237
